 Dungeon Crawl Stone Soup version 0.17.1-1-g73c8601 (webtiles) character file.

135 Genom09 the Insei (level 5, -6/38 HPs)
             Began as a Merfolk Transmuter on Dec 11, 2015.
             Mangled by an orc priest
             ... wielding a +0 trident
              (7 damage)
             ... on level 3 of the Dungeon.
             The game lasted 00:15:36 (2390 turns).

Genom09 the Insei (Merfolk Transmuter)              Turns: 2390, Time: 00:15:36

Health: -6/38      AC:  4    Str: 11 (12) XL:     5   Next: 18%
Magic:  7/9        EV: 14    Int: 12      God:
Gold:   137        SH:  0    Dex: 14      Spells: 3 memorised, 3 levels left

rFire  + . .     SeeInvis .       - Unarmed
rCold  + . .     Clarity  .     b - +0 robe
rNeg   . . .     SustAt   .     (no shield)
rPois  +         Gourm    .     (no helmet)
rElec  +         Spirit   .     q - +0 cloak
rCorr  +         Warding  .     (no gloves)
rMut   .         Rnd*Tele +     l - +0 pair of boots (curse)
MR     +....                    (no amulet)
Stlth  +.........               r - ring of teleportation (curse)
                                m - ring of protection from magic

@: appendage (expiring), resistant, somewhat resistant to hostile enchantments,
very unstealthy
A: change form in water, swift swim, horns 2
a: End Transformation, Evoke Teleportation


You were on level 3 of the Dungeon.
You were not hungry.
You had grown temporary horns.
You visited 1 branch of the dungeon, and saw 3 of its levels.

You collected 137 gold pieces.

Inventory:

Missiles
 a - 15 arrows
Armour
 b - a +0 robe (worn)
 e - a +0 leather armour
 l - a cursed +0 pair of boots (worn)
 q - a +0 cloak (worn)
Jewellery
 m - a ring of protection from magic (left hand)
 r - a cursed ring of teleportation (right hand)
Scrolls
 g - 3 scrolls of remove curse {unknown}
 h - 2 scrolls of teleportation {unknown}
 j - 5 scrolls of identify {unknown}
 o - a scroll of enchant armour {unknown}
Potions
 p - a potion of poison {unknown}
 s - a potion of curing {unknown}
Books
 c - a book of Changes

   Spells                             Type                      Level
   a - Beastly Appendage              Transmutation                1
   b - Sticks to Snakes               Transmutation                2
   c - Spider Form                    Transmutation/Poison         3
   d - Ice Form                       Ice/Transmutation            4
   e - Blade Hands                    Transmutation                5
Comestibles
 d - a bread ration
 i - 3 chunks of flesh
 n - a meat ration


   Skills:
 * Level 2.2 Fighting
 - Level 4.0 Dodging
 - Level 4.1 Unarmed Combat
 + Level 2.9 Spellcasting
 + Level 3.6 Transmutations


You had 3 spell levels left.
You knew the following spells:

 Your Spells              Type           Power        Failure   Level  Hunger
a - Beastly Appendage     Trmt           ##....       8%          1    #......
b - Sticks to Snakes      Trmt           ##........   12%         2    ###....
c - Spider Form           Trmt/Pois      #.........   34%         3    ###....


Dungeon Overview and Level Annotations

Branches:
Dungeon (3/15)

Altars:
Vehumet


Innate Abilities, Weirdness & Mutations

You revert to your normal form in water.
You are very nimble and swift while swimming.
You have a pair of horns on your head.


Message History

The orc priest hits you from afar with a trident.
* * * LOW HITPOINT WARNING * * *
The orc priest hits you with a trident.
* * * LOW HITPOINT WARNING * * *
There is an open door here.
The orc priest hits you from afar with a trident!
* * * LOW HITPOINT WARNING * * *
Your ball python barely misses the orc priest. x2
Things that are here:
a club; a whip; an orc corpse Drink which item? (? for menu, Esc to quit)
It was a potion of degeneration.
There was something very wrong with that liquid.
You feel weakened.
Your ball python barely misses the orc priest. x2
Drink which item? (? for menu, Esc to quit)
It was a potion of resistance.
You feel protected.
Your transformation is almost over.
The orc priest hits you from afar with a trident!
You die...

#.#.##.# ##...###.# ####..#
#.#.##.# ##.....##.# #.....#
#.#.##.###.......#.# #..##.#
#......##..........###...#.####
#.......'......................
##...####..................####
##.## ##.......#####..#### #.#
##.....## #...# #.# ##..@##
#.#.# #.# ##S## #...# #.# #o#
###.# #.# #o# #.# #.# #o# #.#
#.###### ... #.# #......# ...
#.# #..###.# ...########.#
#..###.# ##.##........#


You could see 3 orc priests and a friendly ball python.

Vanquished Creatures
  An orc priest (D:3)
  Ijyb (D:2)
  2 adders (D:2)
  An ooze (D:1)
  3 worms
  3 orcs (D:3)
  7 bats
  3 giant cockroaches (D:1)
  3 hobgoblins
  4 jackals
  A quokka (D:3)
  5 giant newts
  6 goblins
  A jackal skeleton (D:3)
  6 kobolds
  9 rats
56 creatures vanquished.

Vanquished Creatures (collateral kills)
  A worm (D:2)
  An orc (D:3)
  A kobold (D:2)
3 creatures vanquished.

Vanquished Creatures (others)
  An adder (D:2)
  2 jackals (D:2)
3 creatures vanquished.

Grand Total: 62 creatures vanquished

Notes
Turn   | Place    | Note
--------------------------------------------------------------
     0 | D:1      | Genom09 the Merfolk Transmuter began the quest for the Orb.
     0 | D:1      | Reached XP level 1. HP: 15/15 MP: 3/3
   214 | D:1      | Reached XP level 2. HP: 12/21 MP: 3/5
   247 | D:1      | Learned a level 2 spell: Sticks to Snakes
   417 | D:1      | Reached XP level 3. HP: 7/26 MP: 4/6
   744 | D:1      | Learned a level 3 spell: Spider Form
   987 | D:2      | Found a radiant altar of Vehumet.
  1012 | D:2      | Reached skill level 4 in Unarmed Combat
  1202 | D:2      | Reached XP level 4. HP: 18/32 MP: 3/7
  1568 | D:2      | Noticed Ijyb
  1585 | D:2      | Killed Ijyb
  2216 | D:3      | Reached XP level 5. HP: 32/38 MP: 6/9
  2388 | D:3      | HP: 1/38 [orc priest/trident (7)]
  2390 | D:3      | Mangled by an orc priest

Action                   |  1- 3 |  4- 6 || total
-------------------------+-------+-------++-------
Melee: Unarmed           |   116 |    80 ||   196
       Club              |       |     1 ||     1
 Cast: Beastly Appendage |    18 |    10 ||    28
       Sticks to Snakes  |     4 |     6 ||    10
  Use: Potion            |       |     2 ||     2
 Stab: Sleeping          |     2 |       ||     2
       Distracted        |       |     1 ||     1
  Eat: Chunk             |     2 |     4 ||     6
